 Dungeon Crawl Stone Soup version 0.31-a0-986-g5e6e4ef867 (webtiles) character file.

Game seed: 269657972399318709

232656 mandarbmax the Fencer (level 18, 0/173 HPs)
             Began as a Grey Draconian Monk on Nov 5, 2023.
             Was a High Priest of Okawaru.
             Killed from afar by a nagaraja (25 damage)
             ... with a poison arrow
             ... on level 4 of the Snake Pit.
             The game lasted 01:51:36 (63968 turns).

mandarbmax the Fencer (Grey Draconian Monk)        Turns: 63968, Time: 01:51:37

Health: 0/173      AC: 22    Str: 18    XL:     18   Next: 83%
Magic:  1/39       EV: 35    Int: 11    God:    Okawaru [*****.]
Gold:   882        SH:  5    Dex: 33    Spells: 7/17 levels left

rFire   + . .        O - +8 triple sword (flame)
rCold   + + .        (shield currently unavailable)
rNeg    + . .        (body armour unavailable)
rPois   .            P - +0 hat of Daisies {rPois rN+ Slay+3}
rElec   .            c - scarf {rC+ rF+}
rCorr   .            B - +3 Mad Mage's Maulers {Infuse+∞ VampMP -Cast}
SInv    +            F - +2 pair of boots
Will    +....        G - amulet of Henotheism {Reflect rC+ Str+4 SH+5}
Stlth   ++++++       j - ring "Ygoaxymu" {Contam MP+9 Dex+6 SInv}
HPRegen 0.48/turn    C - +6 ring of dexterity
MPRegen 0.26/turn

%: no spellcasting, reflection, infuse magic (1 MP)
@: lethally poisoned (0 -> -20), heroic, finesse-ful, untranslocatable, poison
vulnerable, constricted
A: AC +15, amphibious, unfitting armour, cold-blooded
}: 1/15 runes: barnacled
a: Renounce Religion, Heroism, Finesse, Duel


You were on level 4 of the Snake Pit.
You worshipped Okawaru.
Okawaru was extremely pleased with you.
You visited 5 branches of the dungeon, and saw 30 of its levels.
You also visited: Bailey, Ice Cave and Volcano.

You collected 4057 gold pieces.
You spent 3175 gold pieces at shops.

Inventory:

Hand Weapons
 O - a +8 triple sword of flaming (weapon)
Missiles
 h - 7 curare-tipped darts
 r - 17 atropa-tipped darts
 y - 8 darts of dispersal
 T - 3 datura-tipped darts
 V - 12 silver javelins
 X - 10 throwing nets
Armour
 c - a scarf of resistance (worn)
 B - the +3 Mad Mage's Maulers (worn) {Infuse+∞ VampMP -Cast}
   (You found it in a bailey)

   Infuse+∞: It empowers its wearer's blows with all of their magic.
   VampMP:    Blows struck in melee replenish the wearer's magic.
   -Cast:     It prevents spellcasting.
 F - a +2 pair of boots (worn)
 P - the +0 hat of Daisies (worn) {rPois rN+ Slay+3}
   (Okawaru gifted it to you on level 1 of the Lair of Beasts)

   Slay+3:    It affects your accuracy & damage with ranged weapons and melee
   (+3).
   rPois:     It protects you from poison rN+: It protects you from negative
   energy.
Jewellery
 g - the ring of Yskael {rPois Will+ rCorr Int+4 Stlth-}
   (You found it in a bailey)

   [ring of resist corrosion]

   Int+4:     It affects your intelligence (+4).
   rPois:     It protects you from poison Will+: It increases your willpower.
   rCorr:     It protects you from acid and corrosion.
   Stlth-:    It makes you less stealthy.
 j - the ring "Ygoaxymu" (left hand) {Contam MP+9 Dex+6 SInv}
   (You found it on level 4 of the Shoals)

   [ring of magical power]

   Dex+6:     It affects your dexterity (+6).
   MP+9:      It affects your magic capacity (+9).
   SInv:      It lets you see invisible.
   Contam:    It causes magical contamination when unequipped.
 u - an amulet of guardian spirit
 C - a +6 ring of dexterity (right hand)
 G - the amulet of Henotheism (around neck) {Reflect rC+ Str+4 SH+5}
   (You found it on level 1 of the Orcish Mines)

   [amulet of reflection]

   Reflect:   It reflects blocked missile attacks.
   Str+4:     It affects your strength (+4).
   rC+:       It protects you from cold.
   SH+5:      It affects your SH (+5).
Wands
 l - a wand of paralysis (13)
 v - a wand of roots (21)
 D - a wand of flame (64)
 Q - a wand of digging (5)
 S - a wand of quicksilver (11)
Scrolls
 d - 3 scrolls of brand weapon
 i - 4 scrolls of revelation
 k - 4 scrolls of enchant armour
 s - 3 scrolls of vulnerability
 t - 14 scrolls of teleportation
 w - 2 scrolls of torment
 x - 4 scrolls of amnesia
 K - 5 scrolls of immolation
 L - 2 scrolls of poison
 M - 2 scrolls of fog
 N - 2 scrolls of blinking
 U - 3 scrolls of fear
Potions
 a - 2 potions of invisibility
 b - a potion of attraction
 e - a potion of ambrosia
 f - 7 potions of brilliance
 m - 7 potions of resistance
 o - 4 potions of enlightenment
 q - 8 potions of mutation
 z - 2 potions of cancellation
 A - 4 potions of might
 E - 2 potions of magic
 H - 2 potions of heal wounds
 I - 9 potions of haste
Miscellaneous
 n - a lightning rod (4/4)
 p - a tin of tremorstones (2/2)
 J - a phial of floods
 Y - a box of beasts
 Z - a phantom mirror


   Skills:
 + Level 18.4(23.4) Fighting
 * Level 19.7(24.7) Long Blades
 + Level 4.9(9.9) Throwing
 + Level 15.7(20.7) Dodging
 + Level 5.3(10.3) Stealth
 - Level 17.0 Invocations


You had 7 spell levels left.
You knew the following spells:

 Your Spells              Type           Power      Damage    Failure   Level
a - Wereblood             Tmut           0%         N/A       47%         2
b - Irradiate             Conj/Tmut      0%         3d11      100%        5
c - Swiftness             Air            0%         N/A       71%         3

Your spell library contained the following spells:

 Spells                   Type           Power      Damage    Failure   Level
 Freeze                   Ice            0%         1d3       34%         1
 Sandblast                Erth           0%         2d4       34%         1
 Shock                    Conj/Air       0%         1d3       34%         1
 Cigotuvi's Dreadful Rot  Necr/Pois/Air  0%         N/A       47%         2
 Passwall                 Tmut/Erth      0%         N/A       47%         2
 Sublimation of Blood     Necr           0%         N/A       47%         2
 Frozen Ramparts          Ice            0%         1d1       71%         3
 Hailstorm                Conj/Ice       0%         3d3       71%         3
 Ignite Poison            Fire/Tmut/Pois 0%         N/A       71%         3
 Inner Flame              Hex/Fire       0%         N/A       71%         3
 Stone Arrow              Conj/Erth      0%         3d7       71%         3
 Teleport Other           Tloc           0%         N/A       71%         3
 Volatile Blastmotes      Fire/Tloc      0%         2d10      71%         3
 Airstrike                Air            0%         2d(0-16)  98%         4
 Brom's Barrelling Bould  Conj/Erth      0%         2d3       98%         4
 Cause Fear               Hex            0%         N/A       98%         4
 Dispel Undead            Necr           0%         3d6       98%         4
 Flame Wave               Conj/Fire      0%         2d4       98%         4
 Manifold Assault         Tloc           0%         N/A       98%         4
 Petrify                  Tmut/Erth      0%         N/A       98%         4
 Sticky Flame             Conj/Fire      0%         2d3       98%         4
 Alistair's Intoxication  Tmut/Pois      0%         N/A       100%        5
 Borgnjor's Vile Clutch   Necr/Erth      0%         N/A       100%        5
 Fireball                 Conj/Fire      0%         3d3       100%        5
 Freezing Cloud           Conj/Ice/Air   0%         6-21      100%        5
 Eringya's Noxious Bog    Tmut/Pois      0%         4d6       100%        6
 Borgnjor's Revivificati  Necr           0%         N/A       100%        8
 Summon Forest            Summ/Tloc      Unusable   N/A       N/A         5
 Death Channel            Necr           Unusable   N/A       N/A         6
 Summon Hydra             Summ           Unusable   N/A       N/A         7
 Dragon's Call            Summ           Unusable   N/A       N/A         9

Dungeon Overview and Level Annotations

Branches:
Dungeon (15/15)            Temple (0/1) D:4            Lair (5/5) D:8
 Shoals (4/4) Lair:2        Snake (4/4) Lair:3        Slime (0/5) Lair:5
    Orc (2/2) D:11            Elf (0/3) Orc:2        Vaults (0/5) D:14
 Depths (0/4) D:15         Bailey (visited)           IceCv (visited)
Volcano (visited)

Altars:
Fedhas
Gozag
Hepliaklqana
Makhleb
Nemelex Xobeh
Okawaru
Qazlal
Trog
Uskayaw
Vehumet
Wu Jian
Xom
Yredelemnul
Zin
Jiyva

Shops:
D:1 ?   D:13 [[=((   Orc:1 [   Orc:2 (:([   Shoals:1 ?   Shoals:3 *   Snake:2 *
Snake:3 [(**

Annotations:
Shoals:1 Roxanne
Snake:2 Vashnia


Innate Abilities, Weirdness & Mutations

Your dull iron-grey scales are very hard. (AC +15)
You are amphibious.
You cannot fit into any form of body armour.
You are cold-blooded and may be slowed by cold attacks.


Message History

You are poisoned.
* * * LOW HITPOINT WARNING * * *
Unknown command.
Unknown command.
Unknown command.
Unknown command.
Unknown command.
You slice the nagaraja like a ripe choko!!!
You burn the nagaraja.
You kill the nagaraja!
Okawaru accepts your kill.
You feel sick.
The anaconda bites you but does no damage.
The guardian serpent coils itself and waves its upper body at you.
The guardian serpent blinks into view!
The nagaraja spits poison at you. The splash of poison misses you.
The splash of poison hits the guardian serpent but does no damage.
The nagaraja constricts you.
Unknown command.
Unknown command.
You feel better.
The guardian serpent looks more healthy.
The anaconda bites you!
* * * LOW HITPOINT WARNING * * *
The naga warrior hits you with a +0 war axe!
* * * LOW HITPOINT WARNING * * *
The guardian serpent barely misses you.
The guardian serpent completely misses you.
The anaconda misses you. The nagaraja misses you. The nagaraja constricts you.
As you read the scroll of fear, it crumbles to dust.
You assume a fearsome visage.
The guardian serpent looks frightened!
The naga sharpshooter looks frightened!
The nagaraja easily resists.
The anaconda looks frightened!
The naga mage easily resists.
The naga ritualist looks frightened!
The naga warrior looks frightened!
The guardian serpent looks frightened!
The shock serpent looks frightened!
The nagaraja points at you and mumbles some strange words.
The poison arrow hits you!!
You are poisoned.
You die...

....)............................
.......).........................
.......()....................###.
######...)....####.........##'.##
###.....##..##.......)#.....
###..##.†SS#...#....#..)..
####S....#####....##...)
#NNN)N.S##......##....
#..§#@.N#.....÷.#.....
#NNS##N.#.......##)...
..NN.###..#........'....
.⌠.)...#.#..#.......)#....
.......#.#..#..#.....#....
....#.##.#.†#..#....##....
...####..#.)#..#....#.....
...#.....#.....#....##....
##.....##...)#.....#....


You could see a nagaraja (strong), a naga warrior (fleeing, catching breath), 2
naga sharpshooters, an anaconda (fleeing), a naga ritualist (strong, fleeing), a
shock serpent (fleeing), 2 guardian serpents and a naga mage (strong).

Vanquished Creatures
  Mara (Shoals:3)
  Saint Roka (Orc:2)
  Nikola (Snake:4)
  The ghost of Jewealli the Executioner, an adept HOFi of Gozag (Snake:1)
  Jorgrun (D:14)
  Polyphemus (Shoals:3)
  A kraken (Shoals:4)
  The ghost of Ruet the Basher, an adept AtFi of Makhleb (Snake:2)
  Donald (Shoals:1)
  2 frost giants
  5 nagarajas
  Louise (D:14)
  An orc warlord (Orc:1)
  The ghost of Cicylist the Cleaver, a journeyman FoFi of Okawaru (D:14)
  A stone giant (Orc:1)
  A dire elephant (D:15)
  A red draconian (Volcano)
  Josephine (Lair:4)
  A fire dragon (Lair:5)
  A merfolk javelineer (Shoals:4)
  14 merfolk impalers
  An ettin (Orc:1)
  4 salamander tyrants
  The ghost of hikkokomori the Fighter, a journeyman DsHW of Gozag (Lair:1)
  8 hydras
  2 merfolk avatars (Shoals:4)
  4 satyrs
  12 centaur warriors
  8 anacondas
  2 catoblepae
  4 merfolk aquamancers
  8 boulder beetles
  A death knight (D:15)
  3 dancing weapons
  5 two-headed ogres
  3 tengu warriors
  11 death yaks
  16 naga warriors
  3 orc high priests
  11 naga sharpshooters
  5 shock serpents
  2 hell knights (Volcano)
  Sonja (Orc:2)
  3 skysharks
  5 skeletal warriors (D:15)
  2 salamander mystics
  A bog body (D:13)
  12 sea snakes
  3 naga ritualists
  An obsidian statue (Snake:2)
  3 deep elf pyromancers
  11 harpies
  4 orc knights
  An orc sorcerer (Orc:1)
  3 wolf spiders
  5 ugly things
  A lindwurm (Lair:5)
  An oklob plant (Shoals:4)
  4 mana vipers
  4 cyclopes
  The ghost of jestert79 the Insei, a novice DjSh of Xom (D:6)
  19 fauns
  22 manticores
  13 salamanders
  9 guardian serpents
  Maurice (D:13)
  6 elephants (Lair:3)
  10 merfolk sirens
  13 naga magi
  A guardian serpent (shapeshifter) (D:14)
  An ice statue (IceCv)
  10 water nymphs
  37 black mambas
  6 torpor snails (Lair:5)
  A cane toad (shapeshifter) (D:15)
  7 komodo dragons
  8 rime drakes
  17 cane toads
  6 yaktaurs
  Maggie (D:9)
  3 efreet
  A tengu conjurer (D:14)
  17 polar bears
  11 hornets
  7 trolls
  7 wind drakes
  3 meliai (D:13)
  Grinder (D:3)
  4 tyrant leeches (Lair:5)
  40 merfolk
  11 blink frogs
  10 dream sheep
  7 snapping turtles
  Sigmund (D:2)
  11 slime creatures
  A centaur simulacrum (D:15)
  8 water elementals
  A vampire (D:12)
  16 wyverns
  A shadow (D:11)
  8 wraiths
  54 yaks
  3 basilisks
  A death yak simulacrum (Lair:3)
  A steam dragon (D:8)
  3 vampire mosquitoes (D:14)
  27 nagas
  A swamp worm (Lair:3)
  A warg (Orc:2)
  2 acid dragons
  29 water moccasins
  4 black bears
  4 ice beasts
  57 orc warriors
  6 ogres
  5 boggarts (D:14)
  25 wolves
  20 centaurs
  A phantom (D:6)
  A kobold brigand (D:11)
  A gnoll sergeant (D:3)
  16 bullfrogs
  A two-headed ogre simulacrum (D:13)
  5 scorpions
  8 wights
  3 elephant simulacra (Lair:3)
  2 killer bees (D:9)
  An electric eel (Snake:3)
  10 howler monkeys
  5 hounds
  21 orc priests
  2 gnoll boudas
  3 iguanas
  28 orc wizards
  Natasha (D:3)
  7 hell rats (Lair:5)
  A troll simulacrum (D:13)
  2 polar bear simulacra
  A spriggan simulacrum (D:13)
  7 adders
  12 gnolls
  A naga simulacrum (D:13)
  A shadow imp (D:6)
  4 white imps
  4 ufetubi (D:6)
  A worm (D:3)
  4 dart slugs
  129 orcs
  9 ball pythons
  4 bats
  9 endoplasms
  A giant cockroach (D:4)
  12 goblins
  8 hobgoblins
  6 jackals
  6 quokkas
  5 frilled lizards
  13 kobolds
  3 rats
1178 creatures vanquished.

Vanquished Creatures (others)
  A centaur (Volcano)
  An orc (Orc:2)
2 creatures vanquished.

Grand Total: 1180 creatures vanquished

Notes
Turn   | Place    | Note
-------+----------+-------------------------------------------
     0 | D:1      | mandarbmax the Draconian Monk began the quest for the Orb.
     0 | D:1      | Reached XP level 1. HP: 19/19 MP: 1/1
    49 | D:1      | Found a faded altar of an unknown god.
    74 | D:1      | Prayed at the altar of an unknown god.
    74 | D:1      | Became a worshipper of Warmaster Okawaru
    74 | D:1      | Reached * piety under Okawaru
    74 | D:1      | Reached ** piety under Okawaru
   145 | D:1      | Reached XP level 2. HP: 25/26 MP: 2/2
   399 | D:1      | Reached XP level 3. HP: 33/33 MP: 3/3
   793 | D:1      | Found Xaumuad's Magic Scroll Shop.
   796 | D:1      | Bought a scroll of identify for 20 gold pieces
   976 | D:2      | Reached *** piety under Okawaru
   977 | D:2      | Reached skill level 4 in Long Blades
   977 | D:2      | Reached XP level 4. HP: 40/40 MP: 4/4
   996 | D:2      | Reached skill level 1 in Invocations
  1168 | D:2      | Noticed Sigmund
  1179 | D:2      | Killed Sigmund
  1180 | D:2      | Reached XP level 5. HP: 17/47 MP: 2/6
  1666 | D:2      | Reached XP level 6. HP: 47/53 MP: 7/7
  1672 | D:2      | Reached skill level 5 in Long Blades
  2378 | D:3      | Found a stormy altar of Qazlal.
  2581 | D:4      | Noticed Natasha
  2595 | D:3      | Killed Natasha
  2825 | D:4      | Noticed Grinder
  3267 | D:4      | Found an ornate altar of the Wu Jian Council.
  3269 | D:4      | Found a basalt altar of Yredelemnul.
  3272 | D:4      | Found a sparkling altar of Nemelex Xobeh.
  3272 | D:4      | Found a burning altar of Makhleb.
  3282 | D:4      | Found a hazy altar of Hepliaklqana.
  3314 | D:4      | Noticed a hornet
  3330 | D:4      | Killed a hornet
  3331 | D:4      | Reached skill level 5 in Fighting
  3331 | D:4      | Reached skill level 6 in Long Blades
  3331 | D:4      | Your scales start taking on a dull iron-grey colour.
  3331 | D:4      | Reached XP level 7. HP: 41/61 MP: 7/9
  3661 | D:3      | Killed Grinder
  3661 | D:3      | Reached **** piety under Okawaru
  3662 | D:3      | Reached XP level 8. HP: 47/69 MP: 9/11
  3839 | D:4      | Found a staircase to the Ecumenical Temple.
  4032 | D:5      | Entered Level 5 of the Dungeon
  4215 | D:5      | Reached skill level 7 in Long Blades
  4223 | D:5      | Reached skill level 5 in Dodging
  5268 | D:5      | Found a hide-covered altar of Uskayaw.
  5506 | D:6      | Reached skill level 5 in Invocations
  6517 | D:6      | Reached skill level 8 in Long Blades
  6560 | D:6      | Found a runed translucent door.
  6561 | D:6      | Noticed jestert79's ghost (novice DjSh)
  6843 | D:6      | Reached XP level 9. HP: 64/78 MP: 11/13
  7053 | D:6      | Killed jestert79's ghost
  7244 | D:1      | Bought a scroll of brand weapon for 95 gold pieces
  7244 | D:1      | Bought a scroll of teleportation for 30 gold pieces
  7244 | D:1      | Bought a scroll of enchant weapon for 75 gold pieces
  7244 | D:1      | Bought a scroll of identify for 20 gold pieces
  7638 | D:7      | Found a flagged portal.
  7655 | Bailey   | Entered a bailey
  7918 | Bailey   | Found a large runed translucent door.
  7918 | Bailey   | Found a large runed translucent door.
  7919 | Bailey   | Noticed a deep elf pyromancer
  7920 | Bailey   | Found the +3 Mad Mage's Maulers {Infuse+∞ VampMP -Cast}
  7958 | Bailey   | Noticed an orc knight
  7975 | Bailey   | Reached skill level 9 in Long Blades
  7988 | Bailey   | Killed an orc knight
  8269 | Bailey   | Killed a deep elf pyromancer
  8270 | Bailey   | Reached XP level 10. HP: 34/88 MP: 13/15
  8283 | Bailey   | Identified the ring of Yskael {rPois Will+ rCorr Int+4
                  | Stlth-}
  9865 | D:8      | Reached skill level 10 in Long Blades
 10011 | D:8      | Found a radiant altar of Vehumet.
 10013 | D:8      | Noticed a two-headed ogre
 10026 | D:8      | Killed a two-headed ogre
 10026 | D:8      | Reached ***** piety under Okawaru
 10417 | D:8      | Found a staircase to the Lair.
 11792 | D:9      | Reached skill level 11 in Long Blades
 12269 | D:9      | Noticed a manticore
 12290 | D:9      | Killed a manticore
 12291 | D:9      | Reached XP level 11. HP: 36/97 MP: 2/17
 12529 | D:9      | Noticed Maggie
 12534 | D:9      | Killed Maggie
 12680 | D:9      | Found a blossoming altar of Fedhas.
 12699 | D:9      | Found a bloodstained altar of Trog.
 12760 | D:10     | Entered Level 10 of the Dungeon
 13237 | D:10     | Found a glowing silver altar of Zin.
 13863 | D:1      | Bought a scroll of poison for 40 gold pieces
 13863 | D:1      | Bought a scroll of immolation for 40 gold pieces
 13863 | D:1      | Bought a scroll of fog for 40 gold pieces
 14829 | D:11     | Noticed a two-headed ogre
 14834 | D:11     | Killed a two-headed ogre
 14986 | D:11     | Noticed a two-headed ogre
 15000 | D:11     | Killed a two-headed ogre
 15005 | D:11     | Received a gift from Okawaru
 15019 | D:11     | Found a staircase to the Orcish Mines.
 15019 | D:11     | Noticed a boulder beetle
 15067 | D:11     | Reached skill level 12 in Long Blades
 15084 | D:11     | Killed a boulder beetle
 16152 | D:12     | Noticed a boulder beetle
 16173 | D:12     | Killed a boulder beetle
 16174 | D:12     | Reached skill level 10 in Fighting
 16791 | D:12     | Received a gift from Okawaru
 16985 | D:12     | Noticed a two-headed ogre
 16993 | D:12     | Killed a two-headed ogre
 16994 | D:12     | Reached XP level 12. HP: 74/107 MP: 1/19
 17433 | D:13     | Received a gift from Okawaru
 17434 | D:13     | Reached skill level 13 in Long Blades
 17625 | Lair:1   | Entered Level 1 of the Lair of Beasts
 17658 | Lair:1   | Reached ****** piety under Okawaru
 17659 | Lair:1   | Acquired a +1 triple sword of flaming
 17659 | Lair:1   | Received a gift from Okawaru
 17660 | Lair:1   | Acquired the +0 hat of Daisies {rPois rN+ Slay+3}
 17660 | Lair:1   | Received a gift from Okawaru
 18140 | Lair:1   | Reached skill level 10 in Invocations
 18246 | Lair:1   | Identified the +5 great sword of Midwinter {venom, Fly
                  | Str+3 Int+2 SInv}
 18254 | Lair:1   | Found a runed translucent door.
 18259 | Lair:1   | Noticed hikkokomori's ghost (journeyman DsHW)
 18275 | Lair:1   | Killed hikkokomori's ghost
 18754 | Lair:1   | Received a gift from Okawaru
 19167 | Lair:1   | Identified the +7 quarterstaff of Usogho {heavy, *Corrode
                  | rC+ rN+ Int+4}
 19542 | Lair:2   | Noticed an eight-headed hydra
 19546 | Lair:2   | Killed a seven-headed hydra
 19689 | Lair:2   | Noticed an eight-headed hydra
 19690 | Lair:2   | Noticed a five-headed hydra
 19705 | Lair:2   | Killed a two-headed hydra
 19709 | Lair:2   | Killed a five-headed hydra
 20179 | Lair:2   | Found a staircase to the Shoals.
 20654 | Lair:2   | Received a gift from Okawaru
 21170 | IceCv    | Identified the of Iquinab
 21170 | Lair:3   | Found a frozen archway.
 21199 | IceCv    | Entered an ice cave
 21434 | IceCv    | Noticed a death yak
 21438 | IceCv    | Noticed a death yak
 21438 | IceCv    | Killed a death yak
 21439 | IceCv    | Noticed a death yak
 21449 | IceCv    | Killed a death yak
 21454 | IceCv    | Killed a death yak
 21455 | IceCv    | Reached XP level 13. HP: 98/117 MP: 2/21
 21459 | IceCv    | Reached skill level 10 in Dodging
 21488 | IceCv    | Reached skill level 14 in Long Blades
 21539 | IceCv    | Received a gift from Okawaru
 22299 | IceCv    | Noticed a frost giant
 22344 | IceCv    | Killed a frost giant
 23067 | Lair:3   | Received a gift from Okawaru
 23458 | Lair:3   | Found a staircase to the Snake Pit.
 25024 | Lair:4   | Learned a level 2 spell: Wereblood
 25030 | Lair:4   | Learned a level 5 spell: Irradiate
 25034 | Lair:4   | Learned a level 3 spell: Swiftness
 25687 | Lair:4   | Reached XP level 14. HP: 129/129 MP: 4/23
 25869 | Lair:4   | Noticed Josephine
 25875 | Lair:4   | Killed Josephine
 26059 | Lair:4   | Reached skill level 15 in Long Blades
 26695 | Lair:4   | Received a gift from Okawaru
 27288 | Lair:5   | Identified the "Tiruos"
 27288 | Lair:5   | Entered Level 5 of the Lair of Beasts
 27817 | Lair:5   | Received a gift from Okawaru
 29234 | Lair:5   | Received a gift from Okawaru
 29239 | Lair:5   | Found a runed translucent door.
 30148 | Lair:5   | Found a viscous altar of Jiyva.
 30152 | Lair:5   | Found a staircase to the Slime Pits.
 30970 | Lair:5   | Reached XP level 15. HP: 139/139 MP: 3/25
 31481 | Orc:1    | Entered Level 1 of the Orcish Mines
 31743 | Orc:1    | Found a transporter.
 31744 | Orc:1    | Found a transporter.
 32390 | Orc:2    | Entered Level 2 of the Orcish Mines
 32439 | Orc:2    | Received a gift from Okawaru
 32538 | Orc:2    | Noticed Sonja
 32545 | Orc:2    | Killed Sonja
 32593 | Orc:2    | Found Jaifuuj's Book Boutique.
 32680 | Orc:2    | Found a dark tunnel.
 32800 | Volcano  | Entered a volcano
 32823 | Volcano  | Reached skill level 16 in Long Blades
 32829 | Volcano  | Found a large runed translucent door.
 32829 | Volcano  | Found a large runed translucent door.
 32846 | Volcano  | Found a large runed translucent door.
 32846 | Volcano  | Found a large runed translucent door.
 32883 | Volcano  | Found a large runed translucent door.
 32886 | Volcano  | Found a large runed translucent door.
 32897 | Volcano  | Found a large runed translucent door.
 32897 | Volcano  | Found a large runed translucent door.
 32920 | Volcano  | Found a large runed translucent door.
 32920 | Volcano  | Found a large runed translucent door.
 32934 | Arena    | Entered the Arena
 33139 | Volcano  | Found a large runed translucent door.
 33139 | Volcano  | Found a large runed translucent door.
 33142 | Volcano  | Found a large runed translucent door.
 33142 | Volcano  | Found a large runed translucent door.
 33270 | Volcano  | Found a large runed translucent door.
 33271 | Volcano  | Found a large runed translucent door.
 33552 | Volcano  | Found a large runed translucent door.
 33552 | Volcano  | Found a large runed translucent door.
 33953 | Orc:2    | Found Ewefitt's Antique Weapon Shop.
 34627 | Orc:2    | Received a gift from Okawaru
 34639 | Orc:2    | Noticed Saint Roka
 34662 | Orc:2    | Killed Saint Roka
 34774 | Orc:2    | Found Plog's Antique Weapon Boutique.
 34779 | Orc:2    | Found Culyiklu's Antique Armour Shop.
 34790 | Orc:2    | Bought an ancient cloak for 256 gold pieces
 34790 | Orc:2    | Identified the +1 cloak "Forget-Me-Not" {rF+} (You bought
                  | it in a shop on level 2 of the Orcish Mines)
 34790 | Orc:2    | Bought a runed cloak for 202 gold pieces
 34855 | Orc:2    | Found a staircase to the Elven Halls.
 35461 | Orc:1    | Reached skill level 15 in Fighting
 35481 | Orc:1    | Found Raxanurph's Antique Armour Emporium.
 35922 | Orc:1    | Identified the amulet of Henotheism {Reflect rC+ Str+4
                  | SH+5}
 36142 | D:13     | Found Xousece's Antique Armour Shop.
 36352 | Orc:1    | Bought an embroidered hat for 203 gold pieces
 36893 | D:13     | Found Wimpalim's Antique Weapon Shop.
 37141 | D:13     | Received a gift from Okawaru
 37349 | D:13     | Reached skill level 15 in Invocations
 37628 | D:13     | Found Zihiom's Jewellery Boutique.
 37888 | D:13     | Found Wijes's Weapon Boutique.
 38018 | D:13     | Noticed Maurice
 38022 | D:13     | Killed Maurice
 38293 | D:13     | Found Vellyebb's Antique Armour Emporium.
 38423 | D:13     | Bought a +6 ring of dexterity for 540 gold pieces
 38767 | D:14     | Found a gate to the Vaults.
 38950 | D:14     | Noticed Louise
 38956 | D:14     | Found a runed translucent door.
 38964 | D:14     | Noticed Cicylist's ghost (journeyman FoFi)
 38980 | D:14     | Noticed Jorgrun
 38986 | D:14     | Killed Louise
 39001 | D:14     | Killed Jorgrun
 39002 | D:14     | Reached XP level 16. HP: 113/149 MP: 3/27
 39256 | D:14     | Received a gift from Okawaru
 39664 | D:14     | Killed Cicylist's ghost
 39802 | D:15     | Entered Level 15 of the Dungeon
 40301 | D:15     | Reached skill level 17 in Long Blades
 42022 | D:15     | Found a staircase to the Depths.
 42508 | Shoals:1 | Entered Level 1 of the Shoals
 42514 | Shoals:1 | Found Hunum's Magic Scroll Shop.
 42530 | Shoals:1 | Received a gift from Okawaru
 42567 | Shoals:1 | Bought a scroll of blinking for 127 gold pieces
 42567 | Shoals:1 | Bought a scroll of enchant weapon for 127 gold pieces
 43909 | Shoals:1 | Noticed Donald
 43918 | Shoals:1 | Killed Donald
 44056 | Shoals:1 | Noticed Roxanne
 44249 | Shoals:1 | Received a gift from Okawaru
 46128 | Shoals:3 | Noticed Mara
 46152 | Shoals:3 | Killed Mara
 46152 | Shoals:3 | Received a gift from Okawaru
 46833 | Shoals:3 | Noticed Polyphemus
 46961 | Shoals:3 | Reached XP level 17. HP: 152/160 MP: 4/29
 46984 | Shoals:3 | Killed Polyphemus
 47527 | Shoals:3 | Received a gift from Okawaru
 48174 | Shoals:3 | Found Ryraoven's Assorted Antiques.
 48309 | Shoals:4 | Entered Level 4 of the Shoals
 49283 | Shoals:4 | Reached skill level 18 in Long Blades
 50654 | Shoals:4 | Received a gift from Okawaru
 50870 | Shoals:4 | Found an iron altar of Okawaru.
 50897 | Shoals:4 | Identified the +10 war axe "Fuddecs" {heavy, rC+ Str+7
                  | Int-4 Stlth+}
 51578 | Shoals:4 | Reached skill level 15 in Dodging
 51592 | Shoals:4 | Identified the ring "Ygoaxymu" {Contam MP+9 Dex+6 SInv}
 52573 | Shoals:4 | Received a gift from Okawaru
 52579 | Shoals:4 | Reached skill level 1 in Stealth
 52582 | Shoals:4 | Reached skill level 1 in Throwing
 52674 | Shoals:4 | Got a barnacled rune of Zot
 53520 | Shoals:4 | Noticed a kraken
 53524 | Shoals:4 | Killed a kraken
 53978 | Snake:1  | Entered Level 1 of the Snake Pit
 54867 | Snake:1  | Found a runed translucent door.
 54868 | Snake:1  | Found a shimmering altar of Xom.
 54868 | Snake:1  | Noticed Jewealli's ghost (adept HOFi)
 54998 | Snake:1  | Received a gift from Okawaru
 55397 | Snake:1  | Killed Jewealli's ghost
 55582 | Snake:2  | Reached XP level 18. HP: 150/171 MP: 3/30
 56312 | Snake:2  | Noticed Vashnia
 57707 | Snake:2  | Reached skill level 19 in Long Blades
 57887 | Snake:2  | Received a gift from Okawaru
 58049 | Snake:2  | Found an opulent altar of Gozag.
 58050 | Snake:2  | Found a runed translucent gate.
 58050 | Snake:2  | Found a runed translucent gate.
 58050 | Snake:2  | Found a runed translucent gate.
 58052 | Snake:2  | Found Neipt's Assorted Antiques.
 58052 | Snake:2  | Noticed Ruet's ghost (adept AtFi)
 58076 | Snake:2  | Killed Ruet's ghost
 58135 | Snake:2  | Bought a phantom mirror for 1360 gold pieces
 59527 | Snake:3  | Identified the +3 scale mail of the Bard {rN+ Will- Dex+2
                  | SInv}
 60079 | Snake:3  | Found Kimitif's Weapon Boutique.
 60081 | Snake:3  | Found Kigo's General Store.
 60081 | Snake:3  | Found Kourrisch's Armour Boutique.
 60226 | Snake:3  | Found Cirel's Assorted Antiques.
 60379 | Snake:3  | Received a gift from Okawaru
 61742 | Snake:4  | Entered Level 4 of the Snake Pit
 61742 | Snake:4  | Noticed Nikola
 61759 | Snake:4  | Killed Nikola
 62669 | Snake:4  | Reached skill level 5 in Stealth
 63596 | Snake:4  | Received a gift from Okawaru
 63968 | Snake:4  | Killed from afar by a nagaraja

Illustrated notes

Levels and vault maps discovered:
D:1:      dpeg_arrival_rooms_a, layout_basic, shapermc_ecumenical_altar_pompeii,
          serial_shops, nicolae_shop_rolled_up, hangedman_decor_push
D:2:      layout_loops_ring, uniq_sigmund
D:3:      layout_loops_corners, mainiacjoe_overflow_alcove_1
D:4:      layout_rooms, nicolae_overflow_hallway_of_the_gods,
          minmay_temple_entry_purple_smoke, uniq_natasha, uniq_grinder
D:5:      layout_layer_cave, mainiacjoe_overflow_six_doors_small,
          minmay_fractal_squares_diagonal_5
D:6:      layout_layer_cave, ebering_ghost_reflecting_pool
D:7:      layout_loops_ring, enter_bailey_4, hangedman_decor_lopped,
          minmay_statues_item
D:8:      layout_basic, nicolae_vehumet_radiance, due_lair_maze_entry_diamond
D:9:      layout_big_octagon, mainiacjoe_overflow_swirl, serial_column_ruins,
          column_ruins_hut, column_ruins_grid_1, column_ruins_grid_1,
          column_ruins_columns_plus, column_ruins_columns_straight, uniq_maggie
D:10:     layout_cave_pods, zin_scriptorium
D:11:     layout_loops_cross, david_orc_3, special_room [special_room_orc]
D:12:     layout_loops_corners
D:13:     dreamdust_isle_of_ice, layout_irregular_city, serial_shops,
          nicolae_shop_behind_doors, nicolae_shop_tiny_glass,
          nicolae_shop_window_shopping, nicolae_shop_bloodbath_and_beyond, shop,
          uniq_maurice
D:14:     layout_rooms, erik_vaults_1, gammafunk_ghost_grave, uniq_louise,
          uniq_jorgrun
D:15:     hangedman_depths_entry_try_elsewhere_first, layout_basic,
          serial_bayou_pond_b, minmay_misc_feat_nine_boxes,
          nrook_guardian_serpent_ordinary
Lair:1:   layout_roguey, gammafunk_ghost_grave, lemuel_fruit_fields,
          serial_bayou_shore_a
Lair:2:   layout_cave_pods, elwin_shoals_entry_rocks, lemuel_fruit_tree,
          grunt_megastairs_3
Lair:3:   layout_regular_city, minmay_snake_entry_six_corridors,
          portal_ice_cave_entry_ice_simulacra, worms_lemuel
Lair:4:   layout_layer_cave, uniq_josephine
Lair:5:   hangedman_lair_tendril_chambers, layout_gridlike, wormcave,
          slime_entry_1, pond, serial_bayou_shore_b
Shoals:1: cheibrodos_shoals_roost, layout_shoals, serial_shops,
          nicolae_shop_just_a_little_nook, yaktaur_hedge, uniq_roxanne,
          uniq_donald
Shoals:2: layout_shoals
Shoals:3: layout_shoals, serial_shops, shop, uniq_polyphemus, uniq_mara
Shoals:4: shoals_end_grunt_ice, layout_shoals, lemuel_oklob_altar
Snake:1:  layout_grid_shapes, ebering_ghost_xom, grunt_megastairs_5
Snake:2:  nicolae_snake_hallway, layout_chambers, ebering_ghost_gozag,
          uniq_agnes, uniq_vashnia
Snake:3:  nicolae_cobra_stairs, layout_layer_cave, serial_bayou_shore_b,
          minmay_shoptagon
Snake:4:  grunt_snake_rune_serpentine_throne, layout_cave_town, uniq_nikola
Orc:1:    gammafunk_beogh_shrine, layout_caves, serial_shops,
          nicolae_shop_tiny_real_fake_doors
Orc:2:    grunt_orc_community_town_hall, layout_caves,
          grunt_orc_community_big_house_1, grunt_orc_community_big_house_2,
          grunt_orc_community_house_1, grunt_orc_community_house_3,
          grunt_orc_community_house_2, grunt_orc_community_house_1,
          grunt_orc_community_house_2, grunt_orc_community_house_3,
          enter_volcano_4, uniq_sonja, uniq_saint_roka

Skill      XL: |  1  2  3  4  5  6  7  8  9 10 11 12 13 14 15 16 17 18 |
---------------+-------------------------------------------------------+-----
Dodging        | 3 4 5 6 7 8 9 11 12 13 14 15 | 15.7
Long Blades    | 4 6 8 9 11 12 13 14 15 16 17 18 19 | 19.7
Invocations    | 2 3 4 5 6 8 9 11 12 13 15 16 17 | 17.0
Fighting       | 4 5 6 7 9 10 11 13 14 15 16 17 18 | 18.4
Stealth        | 2 5 |  5.3
Throwing       | 2 4 |  4.9

Action                     |  1- 3 |  4- 6 |  7- 9 | 10-12 | 13-15 | 16-18 || total
---------------------------+-------+-------+-------+-------+-------+-------++-------
  Melee: Falchion          |    73 |   177 |   315 |   147 |       |       ||   712
         Tailslap          |    15 |    23 |    80 |   109 |   207 |   169 ||   603
         Long sword        |       |       |       |   376 |   886 |       ||  1262
         Triple sword      |       |       |       |       |   271 |   929 ||  1200
  Throw: Dart              |       |    13 |     5 |       |       |       ||    18
         Boomerang         |       |       |    12 |    18 |    17 |     1 ||    48
         Javelin           |       |       |       |       |     6 |       ||     6
 Invoke: Heroism           |       |     2 |     5 |     6 |     9 |    10 ||    32
         Finesse           |       |       |     3 |       |     5 |     3 ||    11
         Receive Weapon    |       |       |       |     1 |       |       ||     1
         Receive Armour    |       |       |       |     1 |       |       ||     1
         Duel              |       |       |       |       |     1 |       ||     1
  Evoke: Wand              |       |       |     2 |       |       |       ||     2
         Tin of tremorston |       |       |       |     2 |     4 |     2 ||     8
    Use: Scroll            |     2 |     5 |     6 |    10 |     5 |    12 ||    40
         Potion            |       |     4 |    10 |     2 |     5 |     7 ||    28
   Stab: Confused          |       |       |     2 |       |       |       ||     2
         Petrified         |       |       |       |       |     4 |     3 ||     7
         Sleeping          |       |       |       |       |       |     7 ||     7
         Petrifying        |       |       |       |       |       |     2 ||     2
         Distracted        |       |       |       |       |       |     2 ||     2
 Armour: Skin              |    25 |   132 |   196 |   286 |   475 |   599 ||  1713
  Dodge: Dodged            |    42 |   164 |   290 |   342 |  1111 |  1245 ||  3194
  Block: Other             |       |       |       |       |     8 |   284 ||   292
         Reflection        |       |       |       |       |     1 |    45 ||    46

Table legend: (Time is in decaauts)
 A = Elapsed time spent in this place.
 B = Non-inter-level travel time spent in this place.
 C = Inter-level travel time spent in this place.
 D = Time resting spent in this place.
 E = Time spent auto-exploring this place.
 F = Levels seen in this place.
 G = Mean time per level.
                   A        B        C        D        E       F      G
               +--------+--------+--------+--------+--------+-----+--------+
         Total |  63445 |  60876 |   2569 |   7050 |  46740 |  34 | 1866.0 |
       Dungeon |  23109 |  21485 |   1624 |   1767 |  17183 |  15 | 1540.6 |
          Lair |  12219 |  11953 |    266 |    176 |  10702 |   5 | 2443.8 |
        Shoals |  11383 |  11048 |    335 |   3178 |   6749 |   4 | 2845.8 |
     Snake Pit |   9943 |   9738 |    205 |    952 |   7919 |   4 | 2485.8 |
  Orcish Mines |   3643 |   3505 |    138 |    215 |   2556 |   2 | 1821.5 |
        Bailey |    808 |    808 |      0 |    415 |    162 |   1 |  808.0 |
      Ice Cave |   1426 |   1426 |      0 |    121 |   1004 |   1 | 1426.0 |
       Volcano |    894 |    894 |      0 |    216 |    464 |   1 |  894.0 |
         Arena |     17 |     17 |      0 |      9 |      0 |   1 |   17.0 |
               +--------+--------+--------+--------+--------+-----+--------+

Top non-repeatable levels by time:
Shoals:3: 4009 daAuts
  Lair:5: 3963 daAuts
Shoals:4: 3826 daAuts
 Snake:2: 3215 daAuts
 Snake:3: 2915 daAuts
Shoals:1: 2341 daAuts
  Lair:3: 2339 daAuts
    D:15: 2270 daAuts
  Lair:4: 2268 daAuts
    D:13: 2225 daAuts
   Orc:2: 2067 daAuts
 Snake:4: 1979 daAuts
  Lair:1: 1834 daAuts
 Snake:1: 1833 daAuts
  Lair:2: 1813 daAuts
